 Dungeon Crawl Stone Soup version 0.23-a0-136-g722f094 (webtiles) character file.

57 Amnesiac the Gusty (level 3, -1/24 HPs)
             Began as a Mummy Air Elementalist on Aug 28, 2018.
             Slain by a centaur (5 damage)
             ... on level 4 of the Dungeon.
             The game lasted 00:06:24 (1447 turns).

Amnesiac the Gusty (Mummy Air Elementalist)         Turns: 1447, Time: 00:06:25

Health: -1/24      AC:  2    Str: 11    XL:     3   Next: 73%
Magic:  5/8        EV: 12    Int: 15    God:
Gold:   61         SH:  0    Dex: 12    Spells: 6/9 levels left

rFire    x . .     SeeInvis .   b - +0 short sword (speed)
rCold    + . .     Gourm    .   (no shield)
rNeg     + + +     Faith    .   a - +0 robe
rPois    ∞         Spirit   .   (no helmet)
rElec    .         Reflect  .   (no cloak)
rCorr    .         Harm     .   (no gloves)
MR       .....                  (no boots)
Stlth    ++........             (no amulet)
HPRegen  0.08/turn              (no ring)
MPRegen  0.11/turn              (no ring)

@: no status effects
A: no food or potions, fire vulnerability, cold resistance 1, negative energy
resistance 3, torment resistance, unbreathing
a: no special abilities


You were on level 4 of the Dungeon.
You were not hungry.

You visited 1 branch of the dungeon, and saw 4 of its levels.

You collected 61 gold pieces.

Inventory:

Hand Weapons
 b - a +0 short sword of speed (weapon)
 d - a +0 blowgun
 f - a +1 dagger of venom
 g - a +0 whip of pain
Missiles
 e - 23 poisoned needles
Armour
 a - a +0 robe (worn)
Scrolls
 c - a scroll of identify {!r}


   Skills:
 - Level 1.5 Dodging
 - Level 1.5 Stealth
 + Level 3.5 Spellcasting
 - Level 0.7 Conjurations
 * Level 3.5 Air Magic


You had 6 spell levels left.
You knew the following spells:

 Your Spells              Type           Power        Failure   Level  Hunger
a - Shock                 Conj/Air       #...         8%          1    N/A
z - Swiftness             Chrm/Air       #.......     14%         2    N/A

Your spell library contained the following spells:

 Spells                   Type           Power        Failure   Level  Hunger
 Static Discharge         Conj/Air       #.......     24%         3    N/A
 Airstrike                Air            ##........   41%         4    N/A
 Lightning Bolt           Conj/Air       #.........   91%         5    N/A

Dungeon Overview and Level Annotations

Branches:
Dungeon (4/15)
 Temple: D:4-7

Altars:


Innate Abilities, Weirdness & Mutations

You do not eat or drink.
Your flesh is vulnerable to fire.
You are immune to poison.
Your flesh is cold resistant. (rC+)
You are immune to negative energy. (rN+++)
You are immune to unholy pain and torment.
You can survive without breathing.


Message History

Casting: Shock (safe; 8% risk of failure)
Confirm with . or Enter, or press ? or * to list all spells.
You can't see any susceptible monsters within range! (Use Z to cast anyway.)
You start resting.
Magic restored.
Found 17 stones.
HP restored.
Found 23 arrows.
Found a black potion.
Found a blue potion.
A centaur comes into view.
A centaur is nearby!
A centaur is nearby!
A centaur is nearby!
A centaur is nearby!
A centaur is nearby!
A centaur is nearby!
A centaur is nearby!
A centaur is nearby!
The centaur shouts!
The centaur wields a shortbow.
The centaur shoots an arrow.
The arrow closely misses you.
The centaur shoots an arrow.
The arrow barely misses you.
The centaur shoots an arrow.
The arrow hits you!
Ouch! That really hurt!
* * * LOW HITPOINT WARNING * * *
Found a scroll labeled DAUPOIV SAKK.
Things that are here:
an arrow; a blue potion {!q}
Found 12 gold pieces.
The centaur shoots an arrow.
The arrow barely misses you.
You see here an arrow.
You start resting.
The centaur is too close now for your liking.
Casting: Shock (safe; 8% risk of failure)
Confirm with . or Enter, or press ? or * to list all spells.
Aiming: Shock (safe; 8% risk of failure)
Press: ? - help, Shift-Dir - straight line, f - centaur
Aim: a centaur, wielding a shortbow The zap hits the centaur.
The centaur is lightly wounded.
Unknown command.
Casting: Shock (safe; 8% risk of failure)
Confirm with . or Enter, or press ? or * to list all spells.
Aiming: Shock (safe; 8% risk of failure)
Press: ? - help, Shift-Dir - straight line, f/p - centaur
Aim: a centaur, wielding a shortbow (lightly wounded)
The zap hits the centaur.
The centaur is moderately wounded.
The zap misses the centaur.
The centaur unwields an uncursed shortbow.
The centaur hits you.
* * * LOW HITPOINT WARNING * * *
Casting: Shock (safe; 8% risk of failure)
Confirm with . or Enter, or press ? or * to list all spells.
Aiming: Shock (safe; 8% risk of failure)
Press: ? - help, Shift-Dir - straight line, f/p - centaur
Aim: a centaur (moderately wounded)
The zap hits the centaur.
The centaur is heavily wounded.
The zap hits the centaur.
The centaur is heavily wounded.
The centaur hits you.
You die...

#...........#####
#................
#......c....#####
#...........#
#####...........#
#.....#####.#####
#.....# #.# #.....#
#(######
#.....#####.#c@..#
##.....#.....(....#
#......#.........$#
#....#.#..........+
#....#.#.......?.##
#....#.#.........#
#....#.#.........#
##......###########
#<....###


You could see a centaur.

Vanquished Creatures
  3 adders (D:3)
  An adder skeleton (D:4)
  5 orcs
  A ball python (D:1)
  3 hobgoblins
  A quokka (D:3)
  3 bats
  2 frilled lizards
  3 kobolds
  A leopard gecko skeleton (D:3)
  A rat (D:1)
24 creatures vanquished.

Notes
Turn   | Place    | Note
-------+----------+-------------------------------------------
     0 | D:1      | Amnesiac the Mummy Air Elementalist began the quest for the
                  | Orb.
     0 | D:1      | Reached XP level 1. HP: 13/13 MP: 4/4
   341 | D:2      | Reached XP level 2. HP: 18/19 MP: 3/5
   819 | D:3      | Reached XP level 3. HP: 2/24 MP: 3/7
  1039 | D:3      | Learned a level 2 spell: Swiftness
  1431 | D:4      | Noticed a centaur
  1447 | D:4      | Slain by a centaur

Vault maps used:
D:1:      wheals_arrival_linesprint
D:2:      uniq_crazy_yiuf_cottage, uniq_natasha
D:3:      lemuel_crystal_altar
D:4:      led_sif_pool, first_ration

Skill      XL: |  1  2 |
---------------+-------+-----
Air Magic      | 3 |  3.5
Spellcasting   | 3 |  3.5
Dodging        | |  1.5
Stealth        | |  1.5
Conjurations   | |  0.7

Action                   || total
-------------------------++-------
Melee: Short sword       ||    16
 Cast: Shock             ||    46
  Use: Scroll            ||     1
Armor: Robe              ||     8
Dodge: Dodged            ||    42

Table legend:
 A = Non-vault XP
 B = Vault XP
 C = Vault XP percentage of total XP
 D = Non-vault monster count
 E = Vault monster count
 F = Vault count percentage of total count
                 A         B        C        D         E       F
            +---------+---------+-------+---------+---------+-------
      Total |      82 |       0 |   0.0 |      24 |       0 |   0.0
            +---------+---------+-------+---------+---------+-------
        D:1 |       7 |       0 |   0.0 |       5 |       0 |   0.0
        D:2 |      12 |       0 |   0.0 |       6 |       0 |   0.0
        D:3 |      58 |       0 |   0.0 |      12 |       0 |   0.0
        D:4 |       5 |       0 |   0.0 |       1 |       0 |   0.0
            +---------+---------+-------+---------+---------+-------
